 Dungeon Crawl Stone Soup version 0.25-a0-435-g4b9beb1024 (webtiles) character file.

Game seed: 10423966164050825735, levelgen mode: deterministic

98 kae the Changer (level 4, -2/35 HPs)
             Began as a Draconian Transmuter on Jan 29, 2020.
             Slain by Grinder (3 damage)
             ... on level 3 of the Dungeon.
             The game lasted 00:02:36 (2208 turns).

kae the Changer (Draconian Transmuter)              Turns: 2208, Time: 00:02:37

Health: -2/35      AC:  2    Str: 13    XL:     4   Next: 44%
Magic:  5/7        EV: 19    Int: 13    God:
Gold:   98         SH:  0    Dex: 17    Spells: 1/7 levels left

rFire    . . .     SeeInvis .     - Unarmed
rCold    . . .     Gourm    .   (shield currently unavailable)
rNeg     + . .     Faith    .   (armour unavailable)
rPois    x         Spirit   .   (helmet currently unavailable)
rElec    .         Reflect  .   (cloak currently unavailable)
rCorr    .         Harm     .   (gloves currently unavailable)
MR       .....                  (boots currently unavailable)
Stlth    ++........             (no amulet)
HPRegen  0.11/turn              e - ring of positive energy
MPRegen  0.10/turn              (no ring)

@: spider-form (expiring)
A: tiny, unfitting armour, AC +5
a: End Transformation


You were on level 3 of the Dungeon.
You were not hungry.
You were a venomous arachnid creature.
You visited 1 branch of the dungeon, and saw 3 of its levels.

You collected 98 gold pieces.

Inventory:

Missiles
 a - 10 arrows
Jewellery
 b - a +3 amulet of reflection {unknown}
 e - a ring of positive energy (left front leg)
Potions
 d - a potion of invisibility {unknown}
 f - a potion of haste
 g - a potion of agility {unknown}
 h - a potion of curing {unknown}
 k - a potion of degeneration {unknown}
 l - a potion of flight {unknown}
 m - a potion of lignification {unknown}
Comestibles
 c - 5 rations


   Skills:
 - Level 1.1 Fighting
 - Level 1.7 Dodging
 + Level 3.7 Unarmed Combat
 + Level 2.3 Spellcasting
 * Level 3.9 Transmutations


You had one spell level left.
You knew the following spells:

 Your Spells              Type           Power        Failure   Level  Hunger
a - Beastly Appendage     Tmut           ##....       14%         1    ##.....
b - Sticks to Snakes      Tmut           ##......     21%         2    ###....
c - Spider Form           Tmut/Pois      #.........   54%         3    ####...

Your spell library contained the following spells:

 Spells                   Type           Power        Failure   Level  Hunger
 Ice Form                 Ice/Tmut       #.......     88%         4    #####..
 Blade Hands              Tmut           ##........   92%         5    ######.


Dungeon Overview and Level Annotations

Branches:
Dungeon (3/15)

Altars:
Vehumet

Annotations:
D:3 Grinder


Innate Abilities, Weirdness & Mutations

((Your plain brown scales are hard. (AC +5)))
You cannot fit into any form of body armour.
((You are cold-blooded and may be slowed by cold attacks.))


Message History

Your transformation is almost over.
Grinder barely misses you.
You barely miss Grinder.
Grinder is lightly wounded.
Grinder hits you!
You writhe in agony.
You hit Grinder.
Grinder is poisoned.
Grinder is moderately wounded.
Grinder says, "Don't move a muscle."
Grinder hits you!
You hit Grinder but do no damage.
Grinder is moderately wounded.
Grinder completely misses you.
You hit Grinder.
Grinder is heavily wounded.
You hit Grinder.
Grinder is severely wounded.
Grinder hits you!
* * * LOW HITPOINT WARNING * * *
You writhe in agony.
You die...

#.....###.###.#
#####.##.####.#.#†########
#<....##......#...........
###############.##.#######
#..........#.#
#.##########.#
#..#.........#
##.#.######### #.....s5#
#..#.##.....?. #..#.#
####### #. #.. #. #### #


You could see Grinder.

Vanquished Creatures
  3 adders (D:2)
  2 worms (D:2)
  3 dart slugs
  2 leopard geckos (D:1)
  4 giant cockroaches
  3 goblins
  7 hobgoblins
  3 kobolds
  A quokka (D:2)
  6 bats
  4 frilled lizards
  8 rats
46 creatures vanquished.

Vanquished Creatures (collateral kills)
  2 adders (D:2)
2 creatures vanquished.

Grand Total: 48 creatures vanquished

Notes
Turn   | Place    | Note
-------+----------+-------------------------------------------
     0 | D:1      | kae the Draconian Transmuter began the quest for the Orb.
     0 | D:1      | Reached XP level 1. HP: 16/16 MP: 3/3
   161 | D:1      | Reached XP level 2. HP: 20/23 MP: 3/5
   479 | D:1      | Reached XP level 3. HP: 26/28 MP: 4/6
   487 | D:1      | Learned a level 2 spell: Sticks to Snakes
   491 | D:1      | Learned a level 3 spell: Spider Form
  1124 | D:2      | Reached XP level 4. HP: 30/35 MP: 7/7
  1394 | D:2      | Found a radiant altar of Vehumet.
  2195 | D:3      | Noticed Grinder
  2208 | D:3      | HP: 1/35 [Grinder (10)]
  2208 | D:3      | Slain by Grinder

Levels and vault maps discovered:
D:1:      onia_arrival_mini_maze, layout_basic, nrook_mini_vaults
D:2:      layout_basic, lemuel_round_altar, first_ration, st_stairs_4
D:3:      layout_basic, makhleb_heckhound_becter, uniq_grinder, uniq_jessica

Skill      XL: |  1  2 |
---------------+-------+-----
Transmutations | 3 |  3.9
Fighting       | |  1.1
Dodging        | |  1.7
Unarmed Combat | |  3.7
Spellcasting   | |  2.3

Action                   |  1- 3 |  4- 6 || total
-------------------------+-------+-------++-------
Melee: Unarmed           |   115 |    40 ||   155
       Kick              |    16 |       ||    16
       Tailslap          |     7 |     1 ||     8
       Headbutt          |     6 |     2 ||     8
       Punch             |     1 |       ||     1
 Cast: Beastly Appendage |    19 |     4 ||    23
       Spider Form       |       |     2 ||     2
       Sticks to Snakes  |       |     2 ||     2
  Use: Scroll            |     1 |     4 ||     5
       Potion            |     1 |       ||     1
  Eat: Chunk             |     1 |     1 ||     2
       Ration            |       |     1 ||     1
Armor: Skin              |    36 |     5 ||    41
Dodge: Dodged            |    66 |    18 ||    84

Table legend:
 A = Non-vault XP
 B = Vault XP
 C = Vault XP percentage of total XP
 D = Non-vault monster count
 E = Vault monster count
 F = Vault count percentage of total count
                 A         B        C        D         E       F
            +---------+---------+-------+---------+---------+-------
      Total |     133 |       8 |   5.7 |      45 |       3 |   6.2
            +---------+---------+-------+---------+---------+-------
        D:1 |      43 |       1 |   2.3 |      25 |       1 |   3.8
        D:2 |      88 |       7 |   7.4 |      18 |       2 |  10.0
        D:3 |       2 |       0 |   0.0 |       2 |       0 |   0.0
            +---------+---------+-------+---------+---------+-------
